 Dungeon Crawl Stone Soup version bcrawl-1.38.3 (webtiles) character file.

Game seed: 2555787453976898198

264450 Morbidden the Cudgeler (level 8, 46/46 HPs)
             Began as a Skeleton Archaeologist on July 3, 2023.
             Quit the game on level 4 of the Dungeon.
             The game lasted 00:05:57 (4413 turns).

Morbidden the Cudgeler (Skeleton Archaeologist)     Turns: 4413, Time: 00:05:58

Health: 46/46      AC:  8    Str: 19      XL:     8   Next: 28%
Magic:  22/22      EV: 10    Int: 16 (17) God:
Gold:   287        SH:  3    Dex:  7      Spells: 11/14 levels left

rFire    . . .     GDR:     23% a - +1 flail of Eregow {crush, MP+9 Int+3 Stlth+}
rCold    + . .     SeeInvis .   c - +0 buckler
rNeg     + + +     Gourm    .   n - +0 scale mail
rPois    ∞         Faith    .   d - +1 hat
rElec    .         Spirit   +   r - +0 cloak
rCorr    .         Reflect  .   (no gloves)
MR       +....                  e - +1 pair of boots
Stlth    +++.......             (no amulet)
HPRegen  0.17/turn              s - -3 ring of protection
MPRegen  0.18/turn              (no ring)

@: no status effects
A: no food or potions, cold resistance 1, deterioration 1, negative energy
resistance 3, powered by death 1, torment resistance, unbreathing, magic shield,
sturdy frame 1, spell healing
a: no special abilities


You were on level 4 of the Dungeon.
You were not hungry.

You visited 1 branch of the dungeon, and saw 5 of its levels.
You also visited: Sewer.

You collected 287 gold pieces.

Inventory:

Hand Weapons
 a - the +1 flail of Eregow (weapon) {crush, MP+9 Int+3 Stlth+}
   (You acquired it in a sewer)

   It will always inflict at least some extra damage.
   This minimum extra damage increases with your current reserve of magical
   power.
   It affects your intelligence (+3).
   It affects your magic capacity (+9).
   It makes you more stealthy.
 b - a +0 blowgun
 h - a +0 dagger of venom
Missiles
 f - 4 curare-tipped needles
 m - 85 poisoned needles
Armour
 c - a +0 buckler (worn)
 d - a +1 hat (worn)
 e - a +1 pair of boots (worn)
 n - a +0 scale mail (worn)
 r - a +0 cloak (worn)
Jewellery
 s - a -3 ring of protection (left hand)
Scrolls
 g - 2 scrolls of magic mapping
 i - 2 scrolls of identify
 j - a scroll of fear
 k - 3 scrolls of teleportation {unknown}
 l - 2 scrolls of enchant armour
 o - 2 scrolls of enchant weapon {unknown}
 q - 2 scrolls of amnesia {unknown}


   Skills:
 * Level 3.2 Fighting
 + Level 1.0 Short Blades
 * Level 6.4 Maces & Flails
 * Level 4.4 Armour
 * Level 5.2 Dodging
 + Level 5.0 Stealth
 * Level 1.3 Shields
 * Level 3.8 Spellcasting
 * Level 1.2 Summonings


You had 11 spell levels left.
You knew the following spells:

 Your Spells              Type           Power        Failure   Level  Hunger
a - Call Canine Familiar  Summ           #.......     82%         3    N/A

Your spell library contained the following spells:

 Spells                   Type           Power        Failure   Level  Hunger
 Summon Small Mammal      Summ           #...         43%         1    N/A
 Call Imp                 Summ           #.....       58%         2    N/A
 Summon Ice Beast         Ice/Summ       #.......     99%         4    N/A
 Summon Lightning Spire   Summ/Air       #.......     100%        5    N/A

Dungeon Overview and Level Annotations

Branches:
Dungeon (5/12)
 Temple: D:4-7

Altars:
Cheibriados
Lugonu
Trog
Wu Jian


Innate Abilities, Weirdness & Mutations

You do not eat or drink.
You are immune to poison.
Your flesh is cold resistant. (rC+)
Your body sometimes deteriorates upon taking damage.
You are immune to negative energy. (rN+++)
You regenerate a little health from kills.
You are immune to unholy pain and torment.
You can survive without breathing.
When hurt, damage is shared between your health and your magic reserves.
Your movements are slightly less encumbered by armour. (ER -2)
Casting spells heals you.


Message History

There is a stone staircase leading down here.
No path to travel!
Put on which piece of jewellery? (? for menu, Esc to quit)
Oops, that ring feels deathly cold.
s - a cursed -3 ring of protection (left hand) No path to travel!
You start resting.
Magic restored.
HP restored.
You start resting.
HP restored.
No path to travel!
As you read the scroll of remove curse, it crumbles to dust.
You feel as if something is helping you.
No path to travel!
Drop what? 18/52 slots (_ for help) (? for menu, Esc to quit)
Drop what? 18/52 slots (_ for help) (? for menu, Esc to quit)
Okay, then.
No path to travel!
Are you sure you want to abandon this character and quit the game? (Confirm with "yes".)

######### #...^..)#
### #.#####.#
##.#####.......#
#<#.........#.†##
###
##.#####..#.#...##
###.. #.#
#..#.#....#####....
#.#
#.@.............#.#
#.#
##.###....#######.#
#.# #........# #..
#.# ##.####..## #..
#.# ##.## #..# #.#
#!# ##.## #.+###
#.# #.###.##
##....## #.#
###.##.##
###......## #..
#.......#
##.........## ##.


There were no monsters in sight!

Vanquished Creatures
  A hippogriff (D:4)
  Grinder (D:4)
  A crocodile (Sewer)
  An ogre (D:5)
  A centaur (D:5)
  A wight (D:4)
  2 orc priests (D:4)
  A crimson imp (D:4)
  A howler monkey (D:5)
  3 hounds
  An iguana (D:3)
  A bullfrog skeleton (D:4)
  Jessica (D:2)
  3 worker ants (D:4)
  12 adders
  2 oozes
  An adder skeleton (D:5)
  A worm (D:1)
  3 dart slugs
  2 leopard geckos
  11 orcs
  A ball python (D:1)
  4 bats
  6 giant cockroaches
  9 goblins
  9 hobgoblins
  2 jackals (Sewer)
  2 quokkas
  6 frilled lizards
  8 kobolds
  6 rats
104 creatures vanquished.

Notes
Turn   | Place    | Note
-------+----------+-------------------------------------------
     0 | D:1      | Morbidden the Skeleton Archaeologist began the quest for
                  | the Orb.
     0 | D:1      | Reached XP level 1. HP: 12/12 MP: 1/1
   216 | D:1      | Reached XP level 2. HP: 2/16 MP: 0/2
   822 | D:1      | Reached skill level 1 in Armour
   822 | D:1      | Reached skill level 1 in Spellcasting
  1197 | D:2      | Reached XP level 3. HP: 20/20 MP: 4/4
  1494 | D:2      | Found a bloodstained altar of Trog.
  1639 | D:2      | Found a blossoming altar of Fedhas.
  1677 | D:2      | Found an ornate altar of the Wu Jian Council.
  1786 | D:2      | Found a corrupted altar of Lugonu.
  1930 | D:2      | Noticed Jessica
  1936 | D:2      | Killed Jessica
  1937 | D:2      | Reached XP level 4. HP: 25/25 MP: 3/6
  2125 | D:3      | Reached skill level 2 in Maces & Flails
  2200 | D:3      | Found a glowing drain.
  2204 | Sewer    | Entered a sewer
  2232 | Sewer    | Noticed a crocodile
  2235 | Sewer    | Killed a crocodile
  2236 | Sewer    | Reached skill level 1 in Short Blades
  2236 | Sewer    | Reached XP level 5. HP: 29/30 MP: 6/8
  2236 | Sewer    | Identified a scroll of acquirement
  2255 | Sewer    | Got a glittering steel amulet
  2257 | Sewer    | Identified the amulet of the Leaf {Inacc Int+5} (You found
                  | it in a sewer)
  2261 | Sewer    | Identified the +1 flail of Eregow {crush, MP+9 Int+3
                  | Stlth+} (You acquired it in a sewer)
  2261 | Sewer    | Identified the ring "Nen Umac" {rElec rF+ Str+4 Stlth+}
                  | (You acquired it in a sewer)
  2741 | D:3      | Found a snail-covered altar of Cheibriados.
  2807 | D:3      | Gained mutation: You regenerate a little health from kills.
                  | [Skeleton growth]
  2807 | D:3      | Reached XP level 6. HP: 35/35 MP: 9/9
  3250 | D:4      | Reached skill level 3 in Maces & Flails
  3536 | D:4      | Noticed Grinder
  3547 | D:4      | Killed Grinder
  3548 | D:4      | Reached skill level 4 in Maces & Flails
  3548 | D:4      | Reached skill level 5 in Dodging
  3548 | D:4      | Reached XP level 7. HP: 29/40 MP: 11/11
  3607 | D:4      | Reached skill level 5 in Maces & Flails
  3766 | D:4      | Learned a level 3 spell: Call Canine Familiar
  3995 | D:4      | Noticed a hippogriff
  4002 | D:4      | Killed a hippogriff
  4003 | D:4      | Reached skill level 5 in Stealth
  4003 | D:4      | Reached skill level 1 in Shields
  4003 | D:4      | Reached XP level 8. HP: 37/46 MP: 13/13
  4102 | D:4      | Reached skill level 1 in Summonings
  4148 | D:5      | Entered Level 5 of the Dungeon
  4178 | D:5      | Reached skill level 6 in Maces & Flails
  4413 | D:4      | Quit the game

Skill      XL: |  1  2  3  4  5  6  7  8 |
---------------+-------------------------+-----
Armour         | 1 3 4 |  4.4
Spellcasting   | 1 2 3 |  3.8
Stealth        | 4 5 |  5.0
Maces & Flails | 2 4 5 6 |  6.4
Fighting       | 2 3 |  3.2
Short Blades   | 1 |  1.0
Dodging        | 4 5 |  5.2
Shields        | 1 |  1.3
Summonings     | 1 |  1.2

Action                   |  1- 3 |  4- 6 |  7- 9 || total
-------------------------+-------+-------+-------++-------
Melee: Whip              |    13 |       |       ||    13
       Dagger            |    98 |    72 |       ||   170
       Flail             |       |   174 |   128 ||   302
 Fire: Blowgun           |       |     2 |       ||     2
  Use: Scroll            |     1 |     4 |     2 ||     7
 Stab: Sleeping          |     9 |     9 |     1 ||    19
Armor: Robe              |    27 |    61 |       ||    88
       Scale mail        |       |   105 |    75 ||   180
Dodge: Dodged            |    52 |   193 |    80 ||   325
Block: Buckler           |       |       |    13 ||    13
